AoeStats
← GueparflexXx

MegaRandom

510824601Analyzed
2v2 RM · 1d ago on Oct 2, 2026· 36m 46s· 4 players
Game mode
Random Map
Map size
Medium (4 player)
Population
200
Speed
Normal
Resources
Standard
Victory
Conquest
Starting age
Dark Age
Ending age
Imperial Age
RankedLock teamsTeams togetherTeam positionsShared explorationLock speedFull tech treeHidden civsTurbo modeCheats
Victory
Defeat
🇦🇷 Byzantines · Argentina
692
+11
669
+12
🇫🇮 Burgundians · Finland
590
-11
🇫🇮 Italians · Finland
589
-12
Tarik-Ali y los Umpalumpa
11:48 Feudal Age
12:08 Man-at-Arms
18:16 Loom
18:18 Town Watch
27:11 Castle Age
26:26 Scale Mail Armor
28:03 Forging
27:37 Long Swordsman
33:58 Horse Collar
35:04 Gold Mining
GueparflexXx
11:23 Feudal Age
12:42 Wheelbarrow
11:56 Double-Bit Axe
11:55 Horse Collar
18:15 Gold Mining
20:49 Castle Age
21:56 Hand Cart
25:55 Gold Shaft Mining
25:13 Stone Mining
25:41 Bow Saw
25:34 Heavy Plow
25:40 Husbandry
29:50 Imperial Age
28:42 Husbandry
31:15 Forging
31:12 Scale Barding Armor
31:07 Heavy Camel Rider
33:07 Iron Casting
33:46 Chain Barding Armor
37:15 Two-Man Saw
Verro
0:49 Loom
13:10 Feudal Age
13:47 Double-Bit Axe
13:46 Horse Collar
18:15 Town Watch
18:27 Gold Mining
25:05 Castle Age
23:58 Forging
24:03 Bow Saw
24:05 Heavy Plow
24:16 Stone Mining
28:00 Two-Man Saw
27:34 Crop Rotation
27:15 Husbandry
27:50 Scale Barding Armor
28:12 Ballistics
29:01 Cavalier
30:23 Iron Casting
31:17 Treadmill Crane
31:48 Masonry
33:06 Scale Mail Armor
36:52 Chain Barding Armor
juamos
3:11 Loom
12:31 Feudal Age
12:44 Man-at-Arms
17:12 Scale Mail Armor
17:14 Padded Archer Armor
20:39 Forging
24:17 Arson
29:28 Fletching
35:52 Gold Mining
Connection lost

Rejoining the realm…

Still unreachable

The connection could not be restored.

Session expired

The server has moved on; the page needs a fresh start.